 Dungeon Crawl Stone Soup version 0.31-a0-940-gdaa99269f9 (webtiles) character file.

Game seed: 17343316625288362878

70 protoss039 the Digger (level 4, -5/33 HPs)
             Began as a Demonspawn Earth Elementalist on Oct 20, 2023.
             Slain by a gnoll
             ... wielding a +0 flail of protection
              (13 damage)
             ... on level 2 of the Dungeon.
             The game lasted 00:01:38 (1773 turns).

protoss039 the Digger (DsEE)                        Turns: 1773, Time: 00:01:39

Health: -5/33      AC:  2    Str:  9    XL:     4   Next: 3%
Magic:  1/8        EV: 12    Int: 18    God:
Gold:   60         SH:  0    Dex: 13    Spells: 5/8 levels left

rFire   . . .        b - +0 dagger
rCold   . . .        (no shield)
rNeg    . . .        a - +0 robe
rPois   .            (no helmet)
rElec   .            (no cloak)
rCorr   .            (no gloves)
SInv    .            (no boots)
Will    .....        (no amulet)
Stlth   ++           (no ring)
HPRegen 0.25/turn    (no ring)
MPRegen 0.11/turn

%: no passive effects
@: no status effects
A: ignite blood 1, demonic touch 1
a: no special abilities


You were on level 2 of the Dungeon.
You visited 1 branch of the dungeon, and saw 2 of its levels.

You collected 60 gold pieces.

Inventory:

Hand Weapons
 b - a +0 dagger (weapon)
 c - a +0 sling
Armour
 a - a +0 robe (worn)
Scrolls
 e - a scroll of identify {unknown}
 f - a scroll of enchant armour {unknown}
 g - a scroll of vulnerability {unknown}
 i - a scroll of teleportation {unknown}
Potions
 d - a potion of curing {unknown}
 h - a potion of haste {unknown}


   Skills:
 + Level 2.0 Fighting
 - Level 1.7 Dodging
 - Level 1.7 Stealth
 + Level 2.8 Spellcasting
 - Level 0.8 Transmutations
 + Level 3.3 Earth Magic


You had 5 spell levels left.
You knew the following spells:

 Your Spells              Type           Power      Damage    Failure   Level
a - Sandblast             Erth           28%        2d8       4%          1
b - Passwall              Tmut/Erth      8%         N/A       11%         2

Your spell library contained the following spells:

 Spells                   Type           Power      Damage    Failure   Level
 Stone Arrow              Conj/Erth      16%        3d8       26%         3
 Petrify                  Tmut/Erth      10%        N/A       56%         4
 Brom's Barrelling Bould  Conj/Erth      8%         2d3       63%         4
 Animate Dead             Necr           2%         N/A       86%         4
 Borgnjor's Vile Clutch   Necr/Erth      4%         N/A       93%         5
 Death Channel            Necr           1%         N/A       100%        6


Dungeon Overview and Level Annotations

Branches:
Dungeon (2/15) Zot: 10207

Altars:


Innate Abilities, Weirdness & Mutations

Your demonic aura sometimes causes spilled blood to erupt in flames.
Your touch may inflict minor irresistible damage on your foes.


Message History

Aiming: Sandblast (safe; 4% risk of failure)
Press: ? - help, Shift-Dir - straight line, f/p - gnoll
Aim: a gnoll, wielding a +1 heavy flail (84% to hit)
The blast of sand hits the gnoll!
The gnoll is severely wounded.
The gnoll hits you with a +1 heavy flail!
Ouch! That really hurt!
Casting: Sandblast (safe; 4% risk of failure)
Confirm with . or Enter, or press ? or * to list all spells.
Aiming: Sandblast (safe; 4% risk of failure)
Press: ? - help, Shift-Dir - straight line, f/p - gnoll
Aim: a gnoll, wielding a +1 heavy flail (severely wounded, 84% to hit)
The blast of sand hits the gnoll!
You kill the gnoll!
Your Fighting skill increases to level 2!
You have reached level 4!
You feel stronger.
Press: ? - help, v - describe, . - travel, g - get item
Here: a gnoll, wielding a +0 flail of protection
Items here: a +1 heavy flail; a gnoll corpse.
An open door.
Casting: Sandblast (safe; 4% risk of failure)
Confirm with . or Enter, or press ? or * to list all spells.
Aiming: Sandblast (safe; 4% risk of failure)
Press: ? - help, Shift-Dir - straight line, f - gnoll
Aim: a gnoll, wielding a +0 flail of protection (84% to hit)
The blast of sand hits the gnoll.
The gnoll is moderately wounded.
The gnoll closely misses you.
The gnoll hits you with a +0 flail of protection!
* * * LOW HITPOINT WARNING * * *
Unknown command.
The gnoll attacks as it pursues you! The gnoll barely misses you.
Unknown command.
The gnoll attacks as it pursues you! The gnoll closely misses you.
You see here a +0 whip.
Unknown command.
Unknown command.
The gnoll hits you with a +0 flail of protection!
You die...

##.# #.....<.# #.#.# ##..#
######.## #.#.# #.#.# #.#
#.#.# ##.## ##'## #.#.. #.#
##...## #.### #†## ##.....##
#.### #..## ##.......## #.#.#
#####...####...†.....###....
............@gg.......'......
##.......####.........####...
#.#.....# ##.......## ##.# #
#.#...# ##.....## ### #.#...#
##...## #.....# ##)## .##..#
#)# #. #..# #.# #.#


You could see 2 gnolls.

Vanquished Creatures
  2 gnolls (D:2)
  2 adders (D:2)
  A ball python (D:1)
  3 endoplasms
  3 goblins
  4 hobgoblins
  3 jackals (D:2)
  2 kobolds (D:1)
  A quokka (D:2)
  A bat (D:1)
  3 frilled lizards
  5 rats
30 creatures vanquished.

Notes
Turn   | Place    | Note
-------+----------+-------------------------------------------
     0 | D:1      | protoss039 the Demonspawn Earth Elementalist began the
                  | quest for the Orb.
     0 | D:1      | Reached XP level 1. HP: 13/13 MP: 3/3
   132 | D:1      | You fall into a shaft and drop 1 floor!
   141 | D:2      | Gained mutation: Your demonic aura sometimes causes spilled
                  | blood to erupt in flames. [demonic ancestry]
   141 | D:2      | Reached XP level 2. HP: 17/20 MP: 3/5
   183 | D:2      | Reached skill level 1 in Fighting
   398 | D:2      | Reached skill level 3 in Earth Magic
   715 | D:1      | Discovered your monstrous ancestry.
   715 | D:1      | Gained mutation: Your touch may inflict minor irresistible
                  | damage on your foes. [demonic ancestry]
   715 | D:1      | Reached XP level 3. HP: 21/26 MP: 4/6
  1555 | D:1      | Learned a level 2 spell: Passwall
  1767 | D:2      | Reached XP level 4. HP: 13/33 MP: 1/8
  1773 | D:2      | Slain by a gnoll

Illustrated notes

Levels and vault maps discovered:
D:1:      dpeg_arrival_circle_labyrinth_c, layout_loops_corners,
          minmay_misc_feat_cross, glass_columns_a
D:2:      layout_loops_corners, basic_altar, minmay_misc_feat_encased

Skill      XL: |  1  2  3 |
---------------+----------+-----
Fighting       | 1 2 |  2.0
Earth Magic    | 3 |  3.3
Dodging        | |  1.7
Stealth        | |  1.7
Spellcasting   | |  2.8
Transmutations | |  0.8

Action                     |  1- 3 |  4- 6 || total
---------------------------+-------+-------++-------
  Melee: Dagger            |    21 |       ||    21
         Unarmed           |     1 |       ||     1
         Touch             |     3 |       ||     3
   Cast: Sandblast         |    38 |     1 ||    39
    Use: Potion            |     1 |       ||     1
   Stab: Sleeping          |     1 |       ||     1
 Armour: Robe              |    18 |     2 ||    20
  Dodge: Dodged            |    30 |     3 ||    33

Table legend: (Time is in decaauts)
 A = Elapsed time spent in this place.
 B = Non-inter-level travel time spent in this place.
 C = Inter-level travel time spent in this place.
 D = Time resting spent in this place.
 E = Time spent auto-exploring this place.
 F = Levels seen in this place.
 G = Mean time per level.
                   A        B        C        D        E       F      G
               +--------+--------+--------+--------+--------+-----+--------+
         Total |   1791 |   1699 |     92 |      0 |   1512 |   2 |  895.5 |
       Dungeon |   1791 |   1699 |     92 |      0 |   1512 |   2 |  895.5 |
               +--------+--------+--------+--------+--------+-----+--------+

Top non-repeatable levels by time:
     D:1: 1261 daAuts
     D:2: 530 daAuts
